 Dungeon Crawl Stone Soup version 0.21.1-1-g345015f (webtiles) character file.

695 wojtek the Cleaver (level 7, -4/59 HPs)
             Began as a Minotaur Fighter on July 13, 2018.
             Slain by an ogre
             ... wielding a +0 giant club
              (24 damage)
             ... on level 4 of the Dungeon.
             The game lasted 00:04:19 (3077 turns).

wojtek the Cleaver (Minotaur Fighter)               Turns: 3077, Time: 00:04:20

Health: -4/59      AC:  8    Str: 28    XL:     7   Next: 37%
Magic:  6/6        EV:  8    Int:  5    God:
Gold:   211        SH: 10    Dex:  9    Spells: 6/6 levels left

rFire    . . .     SeeInvis .   a - +0 war axe
rCold    . . .     Gourm    .   c - +0 shield
rNeg     . . .     Faith    .   b - +0 scale mail
rPois    .         Spirit   .   (helmet restricted)
rElec    .         Reflect  .   (no cloak)
rCorr    .         Harm     .   l - +0 pair of gloves
MR       .....                  (no boots)
Stlth    ..........             (no amulet)
HPRegen  0.19/turn              n - +5 ring of strength
MPRegen  0.10/turn              (no ring)

@: no status effects
A: retaliatory headbutt, horns 2
a: no special abilities


You were on level 4 of the Dungeon.
You were not hungry.

You visited 1 branch of the dungeon, and saw 4 of its levels.

You collected 211 gold pieces.

Inventory:

Hand Weapons
 a - a +0 war axe (weapon)
Armour
 b - a +0 scale mail (worn)
 c - a +0 shield (worn)
 l - a +0 pair of gloves (worn)
Jewellery
 n - a +5 ring of strength (left hand)
 v - a +3 ring of protection {unknown}
Wands
 s - a wand of flame (18)
Scrolls
 i - 2 scrolls of fear {unknown}
 j - 2 scrolls of noise {unknown}
 k - 5 scrolls of remove curse {unknown}
 o - a scroll of enchant armour {unknown}
 p - 2 scrolls of identify {unknown}
 q - a scroll of blinking {unknown}
 r - 2 scrolls of teleportation {unknown}
 t - 3 scrolls of enchant weapon {unknown}
 y - 2 scrolls of magic mapping {unknown}
Potions
 d - a potion of might
 e - 3 potions of curing {unknown}
 g - 3 potions of haste {unknown}
 h - a potion of flight {unknown}
 m - 2 potions of degeneration {unknown}
 w - a potion of berserk rage {unknown}
 x - a potion of heal wounds {unknown}
Comestibles
 f - 4 rations
 u - 4 chunks of flesh


   Skills:
 + Level 4.2 Fighting
 + Level 9.1 Axes
 + Level 4.2 Armour
 + Level 1.5 Dodging
 + Level 4.2 Shields


You had 6 spell levels left.
You didn't know any spells.

Dungeon Overview and Level Annotations

Branches:
Dungeon (4/15)
 Temple: D:4-7

Altars:
Elyvilon
Fedhas
Hepliaklqana
Trog
Uskayaw
Wu Jian

Annotations:
D:3 exclusion: oklob plant


Innate Abilities, Weirdness & Mutations

You reflexively headbutt those who attack you in melee.
You have a pair of horns on your head.


Message History

No target in view!
An ogre comes into view. It is wielding a giant club.
The ogre shouts!
You hear a shout!
There is a stone staircase leading up here.
Things that are here:
a giant club; an ogre corpse You butcher the ogre corpse.
There is a stone staircase leading up, spattered with blood here.
Things that are here:
a giant club; 4 chunks of flesh; an ogre skeleton You see here a scroll labeled QAUSCHI HIQUROI.
You hit the ogre.
The ogre is lightly wounded.
The ogre hits you with a giant club!!
You are too injured to fight recklessly!
You are too injured to fight recklessly!
You closely miss the ogre. You headbutt the ogre!
The ogre is severely wounded.
The ogre hits you with a giant club!!
You die...

######## #....[.#
#......# #......# #
#......# # #####......# #
#.#######..........# ####
#......O@.#..>.....# #...
#####.#####.##########.##
.......#.# #..## ## #...#
#.### ######.## ####.# #
#......## #....# #
#.####..### #.#### #
##...####.#### #
###..##.....# #


You could see an ogre.

Vanquished Creatures
  The ghost of wojtek the Chopper, an amateur MiFi (D:4)
  2 ogres (D:4)
  2 orc priests
  2 centaur skeletons (D:4)
  Terence (D:2)
  8 adders
  2 oozes
  3 worms (D:2)
  A dart slug (D:1)
  A leopard gecko (D:1)
  11 orcs
  A ball python (D:2)
  8 bats
  3 giant cockroaches
  8 goblins
  7 hobgoblins
  8 jackals
  3 quokkas
  6 frilled lizards
  7 kobolds
  6 rats
91 creatures vanquished.

Notes
Turn   | Place    | Note
-------+----------+-------------------------------------------
     0 | D:1      | wojtek the Minotaur Fighter began the quest for the Orb.
     0 | D:1      | Reached XP level 1. HP: 19/19 MP: 0/0
   173 | D:1      | Reached skill level 3 in Axes
   406 | D:1      | Reached XP level 2. HP: 24/26 MP: 1/1
   735 | D:1      | Reached skill level 4 in Axes
   888 | D:2      | Reached XP level 3. HP: 26/31 MP: 2/2
  1009 | D:2      | Reached skill level 5 in Axes
  1014 | D:2      | Reached XP level 4. HP: 11/39 MP: 3/3
  1651 | D:2      | Noticed Terence
  1654 | D:2      | Killed Terence
  1654 | D:2      | Reached skill level 6 in Axes
  1688 | D:2      | Found an ornate altar of the Wu Jian Council.
  1688 | D:2      | Found a white marble altar of Elyvilon.
  1693 | D:2      | Found a bloodstained altar of Trog.
  1696 | D:2      | Found a hazy altar of Hepliaklqana.
  1886 | D:3      | Reached XP level 5. HP: 45/45 MP: 4/4
  2109 | D:3      | Reached skill level 7 in Axes
  2364 | D:3      | Found a blossoming altar of Fedhas.
  2382 | D:3      | Noticed an oklob plant
  2533 | D:3      | Noticed a dagger
  2534 | D:3      | Noticed a hand axe
  2540 | D:3      | Found a hide-covered altar of Uskayaw.
  2754 | D:4      | Noticed wojtek's ghost (amateur MiFi)
  2763 | D:4      | Killed wojtek's ghost
  2763 | D:4      | Reached skill level 8 in Axes
  2763 | D:4      | Reached XP level 6. HP: 37/51 MP: 5/5
  2924 | D:4      | Reached skill level 9 in Axes
  2924 | D:4      | Reached skill level 1 in Dodging
  2924 | D:4      | Reached XP level 7. HP: 41/59 MP: 6/6
  3077 | D:4      | Slain by an ogre

Skill      XL: |  1  2  3  4  5  6 |
---------------+-------------------+-----
Axes           | 3 4 5 6 8 9 |  9.1
Fighting       | 4 |  4.2
Armour         | 4 |  4.2
Dodging        | 1 |  1.5
Shields        | 4 |  4.2

Action                   |  1- 3 |  4- 6 |  7- 9 || total
-------------------------+-------+-------+-------++-------
Melee: War axe           |    92 |   123 |    11 ||   226
       Headbutt          |     7 |    22 |     6 ||    35
  Eat: Chunk             |       |     6 |     1 ||     7
Armor: Scale mail        |    35 |    62 |       ||    97
Dodge: Dodged            |    21 |    42 |     2 ||    65
Block: Shield            |    47 |    80 |     4 ||   131
